 Dungeon Crawl Stone Soup version 0.20.1-1-g8b1a95d (webtiles) character file.

109 NERD535 the Stinger (level 4, -7/24 HPs)
             Began as a Tengu Venom Mage on Sept 22, 2017.
             Was a Believer of Zin.
             Mangled by a phantom (8 damage)
             ... on level 4 of the Dungeon on Sept 23, 2017.
             The game lasted 00:35:52 (3668 turns).

NERD535 the Stinger (Tengu Venom Mage)              Turns: 3668, Time: 00:35:53

Health: -7/24      AC:  2    Str:  9    XL:     4   Next: 89%
Magic:  7/8        EV: 13    Int: 16    God:    Zin [**....]
Gold:   162        SH:  3    Dex: 14    Spells: 4/8 levels left

rFire    . . .     SeeInvis .   h - +1 short sword (elec)
rCold    . . .     Gourm    .   (no shield)
rNeg     . . .     Faith    .   a - +0 robe
rPois    .         Spirit   .   (helmet restricted)
rElec    .         Reflect  +   (no cloak)
rCorr    .         Harm     .   (no gloves)
MR       .....                  (boots unavailable)
Stlth    +++.......             m - +3 amulet of reflection
Regen    0.1/turn               s - ring of stealth
MPRegen  0.2/turn               (no ring)

@: no status effects
A: beak, talons 3
a: Recite, Vitalisation, Donate Gold, Renounce Religion


You were on level 4 of the Dungeon.
You worshipped Zin.
Zin was pleased with you.
You were very hungry.

You visited 1 branch of the dungeon, and saw 4 of its levels.

You collected 180 gold pieces.
You donated 18 gold pieces to Zin.

Inventory:

Hand Weapons
 h - a +1 short sword of electrocution (weapon)
Armour
 a - a +0 robe (worn)
Jewellery
 k - an uncursed amulet of faith
 m - a +3 amulet of reflection (around neck)
 s - a ring of stealth (left hand)
Scrolls
 c - 2 scrolls of recharging
 f - 2 scrolls of teleportation {unknown}
 l - a scroll of amnesia {unknown}
 v - a scroll of enchant weapon {unknown}
 w - a scroll of identify {unknown}
Potions
 e - 2 potions of curing {unknown}
 g - a potion of lignification {unknown}
 i - a potion of haste {unknown}
 j - a potion of might {unknown}
 q - a potion of magic {unknown}
Books
 b - a Young Poisoner's Handbook

   Spells                             Type                      Level
   a - Sting                          Conjuration/Poison           1
   b - Poisonous Vapours              Poison/Air                   2
   c - Mephitic Cloud                 Conjuration/Poison/Air       3
   d - Olgreb's Toxic Radiance        Poison                       4
   e - Venom Bolt                     Conjuration/Poison           5
 n - a book of Cantrips

   Spells                             Type                      Level
   a - Confusing Touch                Hexes                        1
   b - Animate Skeleton               Necromancy                   1
   c - Summon Small Mammal            Summoning                    1
   d - Apportation                    Translocation                1
 o - a book of Changes

   Spells                             Type                      Level
   a - Beastly Appendage              Transmutation                1
   b - Sticks to Snakes               Transmutation                2
   c - Spider Form                    Transmutation/Poison         3
   d - Ice Form                       Ice/Transmutation            4
   e - Blade Hands                    Transmutation                5
Comestibles
 p - a royal jelly
 r - a fruit
 t - a meat ration
 u - a bread ration


   Skills:
 + Level 2.5 Dodging
 + Level 2.4 Stealth
 + Level 2.5 Spellcasting
 + Level 2.2 Conjurations
 + Level 2.0 Air Magic
 + Level 4.1 Poison Magic


You had 4 spell levels left.
You knew the following spells:

 Your Spells              Type           Power        Failure   Level  Hunger
a - Sting                 Conj/Pois      ##..         5%          1    #......
b - Poisonous Vapours     Pois/Air       ##....       9%          2    ##.....
c - Summon Small Mammal   Summ           #...         21%         1    #......


Dungeon Overview and Level Annotations

Branches:
Dungeon (4/15)
 Temple: D:4-7

Altars:
Ashenzari
Hepliaklqana
Kikubaaqudgha
Zin

Annotations:
D:3 Sigmund


Innate Abilities, Weirdness & Mutations

You have a beak for a mouth.
You have claws for feet.


Message History

Aim: a phantom But poisonous clouds would do no harm to the phantom!
Casting: Poisonous Vapours
Confirm with . or Enter, or press ? or * to list all spells.
Aiming: Poisonous Vapours
Press: ? - help, Dir - move target cursor, f/p - phantom
Aim: a phantom But poisonous clouds would do no harm to the phantom!
Found a hazy altar of Hepliaklqana.
Casting: Poisonous Vapours
Confirm with . or Enter, or press ? or * to list all spells.
You can't see any susceptible monsters within range! (Use Z to cast anyway.)
You barely miss the phantom. The phantom hits you.
* * * LOW HITPOINT WARNING * * *
The phantom hits you but does no damage.
You hit the phantom. Lightning courses through the phantom!
Your peck misses the phantom.
The phantom is heavily damaged.
The phantom hits you!
You die...

### #<####
#....#
###.##..##
#..........
#.####.####
#.# ..
###W# ..#
#..@# .#
#......._..
.
#...#......
#...#......
#...# .....
###.# ##.##
#.. ... ###
..


You could see a phantom.

Vanquished Creatures
  4 adders
  5 dart slugs
  3 worms
  A leopard gecko (D:1)
  8 bats
  A giant cockroach (D:1)
  8 goblins
  9 hobgoblins
  A ball python (D:1)
  3 frilled lizards
  3 kobolds (D:1)
  10 rats
56 creatures vanquished.

Notes
Turn   | Place    | Note
-------+----------+-------------------------------------------
     0 | D:1      | NERD535 the Tengu Venom Mage began the quest for the Orb.
     0 | D:1      | Reached XP level 1. HP: 10/10 MP: 4/4
   429 | D:1      | Reached XP level 2. HP: 7/15 MP: 0/6
   588 | D:1      | Learned a level 2 spell: Poisonous Vapours
   698 | D:1      | Found a shattered altar of Ashenzari.
  1193 | D:1      | Reached XP level 3. HP: 19/19 MP: 0/7
  1805 | D:2      | Learned a level 1 spell: Summon Small Mammal
  2114 | D:2      | Reached XP level 4. HP: 23/24 MP: 3/8
  2301 | D:2      | Reached skill level 1 in Air Magic
  2519 | D:2      | Reached skill level 4 in Poison Magic
  2806 | D:3      | Found a faded altar of an unknown god.
  2816 | D:3      | Became a worshipper of Zin the Law-Giver
  2816 | D:3      | Reached * piety under Zin
  2816 | D:3      | Reached ** piety under Zin
  3251 | D:3      | Found an ancient bone altar of Kikubaaqudgha.
  3639 | D:3      | Noticed Sigmund
  3648 | D:3      | HP: 1/24 [Sigmund/scythe (6)]
  3656 | D:4      | Noticed a phantom
  3661 | D:4      | Zin protects you from harm!
  3666 | D:4      | Found a hazy altar of Hepliaklqana.
  3667 | D:4      | HP: 1/24 [phantom (1)]
  3668 | D:4      | Mangled by a phantom

Skill      XL: |  1  2  3  4 |
---------------+-------------+-----
Conjurations   | 2 |  2.2
Air Magic      | 2 |  2.0
Poison Magic   | 4 |  4.1
Dodging        | |  2.5
Stealth        | |  2.4
Spellcasting   | |  2.5

Action                   |  1- 3 |  4- 6 || total
-------------------------+-------+-------++-------
Melee: Short sword       |     8 |     5 ||    13
 Cast: Sting             |    42 |    20 ||    62
       Poisonous Vapours |    24 |    22 ||    46
  Use: Scroll            |       |     2 ||     2
  Eat: Bread ration      |     1 |     1 ||     2
       Royal jelly       |     1 |       ||     1
Armor: Robe              |     1 |     2 ||     3
Dodge: Dodged            |    12 |     7 ||    19
Block: Other             |     1 |     1 ||     2
       Reflection        |     1 |       ||     1
